 Dungeon Crawl Stone Soup version 0.28-a0-10-g964c8b829e (webtiles) character file.

Game seed: 17938024339910708498

96 wakim the Sneak (level 4, -5/23 HPs)
             Began as a Vine Stalker Brigand on July 25, 2021.
             Slain by Crazy Yiuf (13 damage)
             ... on level 3 of the Dungeon.
             The game lasted 00:05:50 (2126 turns).

wakim the Sneak (Vine Stalker Brigand)              Turns: 2126, Time: 00:05:51

Health: -5/23      AC:  4    Str: 13    XL:     4   Next: 67%
Magic:  0/5        EV: 12    Int: 11    God:
Gold:   61         SH:  0    Dex: 17    Spells: 3/3 levels left

rFire   . . .      SeeInvis .   a - +2 dagger
rCold   . . .      Faith    .   (no shield)
rNeg    . . .      Spirit   +   i - +0 leather armour
rPois   .          Reflect  .   (no helmet)
rElec   .          Harm     .   c - +0 cloak
rCorr   .          Rampage  .   (no gloves)
Will    .....                   (no boots)
Stlth   +++.......              (no amulet)
HPRegen 1.07/turn               (no ring)
MPRegen 0.09/turn               (no ring)

@: lethally poisoned (-5 -> -6)
A: fangs 2, regeneration 1, magic shield, antimagic bite, no potion heal 2
a: no special abilities


You were on level 3 of the Dungeon.
You visited 1 branch of the dungeon, and saw 3 of its levels.

You collected 61 gold pieces.

Inventory:

Hand Weapons
 a - a +2 dagger (weapon)
Missiles
 d - 7 poisoned darts (quivered)
 e - 2 curare-tipped darts {=f}
Armour
 c - a +0 cloak (worn)
 i - a +0 leather armour (worn)
Potions
 b - a potion of ambrosia {unknown}
 g - a potion of heal wounds {unknown}
 h - a potion of flight {unknown}
 H - a potion of haste


   Skills:
 - Level 1.7 Fighting
 * Level 3.0 Short Blades
 - Level 1.7 Throwing
 * Level 2.2 Dodging
 + Level 5.4 Stealth


You had 3 spell levels left.
You didn't know any spells.
Your spell library contained the following spells:

 Spells                   Type           Power      Damage    Failure   Level
 Call Canine Familiar     Summ           0%         N/A       80%         3
 Portal Projectile        Hex/Tloc       0%         N/A       80%         3
 Summon Guardian Golem    Hex/Summ       0%         N/A       80%         3
 Leda's Liquefaction      Hex/Erth       0%         N/A       99%         4
 Dispersal                Tloc           0%         N/A       100%        6
 Orb of Destruction       Conj           0%         N/A       100%        7
 Spellforged Servitor     Conj/Summ      0%         N/A       100%        7
 Disjunction              Tloc           0%         N/A       100%        8


Dungeon Overview and Level Annotations

Branches:
Dungeon (3/15)

Altars:

Shops:
D:1 (

Portals:
Abyss: D:3

Annotations:
D:3 2 transporters, Crazy Yiuf; funkygono's ghost, amateur GrFE


Innate Abilities, Weirdness & Mutations

You have extremely sharp teeth.
Your natural rate of healing is unusually fast.
When hurt, damage is shared between your health and your magic reserves.
Your bite disrupts and absorbs the magic of your enemies.
Potions cannot restore your health.


Message History

You see here a bat corpse.
Found a runed translucent door.
Crazy Yiuf shouts!
Crazy Yiuf says, "Citrus tortoise koolooloo!"
Crazy Yiuf says, "Island Hive fast!"
Crazy Yiuf yells, "Paint cower Xom!"
You open the door.
Throw: 10 darts (poison)
Press: ? - help, Q - select action, (/) - cycle Shift-Dir - straight line, f - Crazy Yiuf
Aim: Crazy Yiuf, wielding a +4 quarterstaff of chaos and wearing a +0 cloak (63% to hit)
You throw a poisoned dart. The poisoned dart hits Crazy Yiuf.
Crazy Yiuf is poisoned.
Crazy Yiuf hits you with a +4 quarterstaff of chaos!
You are poisoned.
Throw: 9 darts (poison)
Press: ? - help, Q - select action, (/) - cycle Shift-Dir - straight line, f/p - Crazy Yiuf
Aim: Crazy Yiuf, wielding a +4 quarterstaff of chaos and wearing a +0 cloak (lightly wounded, poisoned, 63% to hit)
You throw a poisoned dart. The poisoned dart hits Crazy Yiuf.
Crazy Yiuf looks even sicker.
Crazy Yiuf is lightly wounded.
You feel very sick. Crazy Yiuf closely misses you.
You feel very sick.
You feel very sick.
You feel sick.
You feel sick.
You hit the bush but do no damage. You bite the bush, but do no damage.
You feel sick. Crazy Yiuf closely misses you.
You feel sick.
You feel sick.
You feel sick.
Throw: 8 darts (poison)
Press: ? - help, Q - select action, (/) - cycle Shift-Dir - straight line, f/p - Crazy Yiuf
Aim: Crazy Yiuf, wielding a +4 quarterstaff of chaos and wearing a +0 cloak (lightly wounded, poisoned, 63% to hit)
You throw a poisoned dart.
The poisoned dart completely misses Crazy Yiuf.
You feel sick.
Crazy Yiuf hits you with a +4 quarterstaff of chaos!
Ouch! That really hurt!
You die...

. #..................#...........
#.##........†........####........
#.##.......#....................
^.©#.......#...####.............
^W.##.......#..## ############..
.# #........#..# ..
..##......###..##♣♣♣♣♣
.#.##..#### #...#..♣.♣♣♣ ###
=.#.#..# #...@gP(♣..♣#...#
...##..# #....PP♣♣♣♣.(...#
####...# ##..#P♣♣ ♣♣#..)#
#......# ####♣♣ ### ......##
....### ..### ###


You could see Crazy Yiuf (poisoned).

Vanquished Creatures
  A gnoll (D:2)
  An adder (D:3)
  3 worms
  3 dart slugs
  5 ball pythons
  4 bats
  7 endoplasms
  4 giant cockroaches (D:1)
  3 goblins
  4 hobgoblins
  5 jackals
  7 kobolds
  3 frilled lizards (D:1)
  6 rats
56 creatures vanquished.

Notes
Turn   | Place    | Note
-------+----------+-------------------------------------------
     0 | D:1      | wakim the Vine Stalker Brigand began the quest for the Orb.
     0 | D:1      | Reached XP level 1. HP: 11/11 MP: 2/2
    67 | D:1      | Reached skill level 1 in Dodging
   197 | D:1      | Reached XP level 2. HP: 3/15 MP: 3/3
   217 | D:1      | Reached skill level 5 in Stealth
   673 | D:1      | Reached XP level 3. HP: 17/18 MP: 4/4
   702 | D:1      | Found Zopeaqedgh's Weapon Shop.
  1731 | D:2      | Gained mutation: Your natural rate of healing is unusually
                  | fast. [Vine Stalker growth]
  1731 | D:2      | Reached XP level 4. HP: 10/23 MP: 5/5
  1992 | D:3      | Found a one-way gate to the infinite horrors of the Abyss.
  1992 | D:3      | Noticed funkygono's ghost (amateur GrFE)
  2003 | D:3      | Found a transporter.
  2013 | D:3      | Noticed a kobold brigand
  2018 | D:3      | Found a transporter.
  2047 | D:3      | Found the ring of the Hare {EV+8}
  2109 | D:3      | Found a runed translucent door.
  2110 | D:3      | Noticed Crazy Yiuf
  2126 | D:3      | Slain by Crazy Yiuf

Illustrated notes

Levels and vault maps discovered:
D:1:      psy_arrival_basics, layout_rooms, serial_shops, shop_statue,
          grunt_decor_resistance, minmay_unequal
D:2:      layout_basic, cheibrodos_gnoll_hut
D:3:      layout_basic, gammafunk_ghost_abyssal_escape,
          minmay_misc_feat_pillars, minivault_26, minivault_5, st_stairs_2,
          uniq_robin, uniq_crazy_yiuf_cottage, uniq_jessica, uniq_ijyb

Skill      XL: |  1  2  3  4 |
---------------+-------------+-----
Dodging        | 1 2 |  2.2
Short Blades   | 2 3 |  3.0
Stealth        | 5 |  5.4
Fighting       | |  1.7
Throwing       | |  1.7

Action                   |  1- 3 |  4- 6 || total
-------------------------+-------+-------++-------
Melee: Dagger            |   114 |    56 ||   170
       Bite              |    20 |    18 ||    38
Throw: Dart              |       |     3 ||     3
  Use: Scroll            |       |     1 ||     1
 Stab: Sleeping          |     9 |     3 ||    12
       Distracted        |     1 |       ||     1
Armor: Robe              |    15 |       ||    15
       Leather armour    |     7 |    13 ||    20
Dodge: Dodged            |    43 |    37 ||    80

Table legend: (Time is in decaauts)
 A = Elapsed time spent in this place.
 B = Non-inter-level travel time spent in this place.
 C = Inter-level travel time spent in this place.
 D = Time resting spent in this place.
 E = Time spent auto-exploring this place.
 F = Levels seen in this place.
 G = Mean time per level.
                   A        B        C        D        E       F      G
               +--------+--------+--------+--------+--------+-----+--------+
         Total |   2106 |   1971 |    135 |      7 |   1416 |   3 |  702.0 |
       Dungeon |   2106 |   1971 |    135 |      7 |   1416 |   3 |  702.0 |
               +--------+--------+--------+--------+--------+-----+--------+

Top non-repeatable levels by time:
     D:1: 1039 daAuts
     D:2: 794 daAuts
     D:3: 272 daAuts
